 Dungeon Crawl Stone Soup version 0.31.0-32-g396128a36d (webtiles) character file.

Game seed: 18156289632637469235

1591 Killerpretzel the Changeling (level 8, -3/54 HPs)
             Began as an Octopode Shapeshifter on Mar 10, 2024.
             Was a Follower of Vehumet.
             Slain by a hornet (13 damage)
             ... while paralysed by a hornet
             ... on level 7 of the Dungeon.
             The game lasted 00:08:16 (5549 turns).

Killerpretzel the Changeling (OpSh)                 Turns: 5549, Time: 00:08:16

Health: -3/54      AC:  5    Str: 14    XL:     8   Next: 93%
Magic:  8/8        EV:  2    Int: 18    God:    Vehumet [*.....]
Gold:   272        SH:  0    Dex: 25    Spells: 7/7 levels left

rFire   . .          .
                       - Unarmed
rCold   . . .        (no shield)
rNeg    . . .        (helmet currently unavailable)
rPois   .            m - amulet of regeneration
rElec   .            f - +6 ring of intelligence
rCorr   .            n - +4 ring of protection
SInv    .            s - +6 ring of dexterity
Will    .....        x - +6 ring of dexterity
Stlth   +++          (no ring)
HPRegen 1.09/turn    (no ring)
MPRegen 0.11/turn    (no ring)
                     (no ring)

%: no passive effects
@: paralysed, lethally poisoned (-3 -> -13), beast-form, slowed
A: beast (slay +4), almost no armour, amphibious, 8 rings, camouflage 1,
gelatinous body 1, (nimble swimmer 1), tentacles
a: Begin Untransformation, Renounce Religion


You were on level 7 of the Dungeon.
You worshipped Vehumet.
Vehumet was aware of your devotion.
You were a hulking beast.
You visited 2 branches of the dungeon, and saw 8 of its levels.

You collected 272 gold pieces.

Inventory:

Missiles
 j - 6 stones
 l - 7 poisoned darts (quivered)
Jewellery
 f - a +6 ring of intelligence (left tentacle)
 m - an amulet of regeneration (around mantle)
 n - a +4 ring of protection (right tentacle)
 s - a +6 ring of dexterity (on tentacle)
 x - a +6 ring of dexterity (on tentacle)
Talismans
 b - a beast talisman
 c - a flux talisman
Wands
 q - a wand of flame (9)
 u - a wand of roots (3)
Scrolls
 e - 2 scrolls of vulnerability
 t - 3 scrolls of teleportation
 w - a scroll of fog
 y - a scroll of poison {unknown}
Potions
 a - a potion of lignification
 d - a potion of magic {unknown}
 g - a potion of enlightenment {unknown}
 h - a potion of attraction {unknown}
 i - a potion of degeneration {unknown}
 k - a potion of brilliance {unknown}
 o - 3 potions of invisibility {unknown}
 p - 2 potions of curing {unknown}
 r - 2 potions of haste {unknown}
 v - 3 potions of mutation {unknown}
 z - a potion of heal wounds
 A - a potion of might {unknown}


   Skills:
 + Level 4.8 Fighting
 + Level 5.2 Dodging
 + Level 5.7 Unarmed Combat
 * Level 7.0 Shapeshifting


You had 7 spell levels left.
You didn't know any spells.
Your spell library contained the following spells:

 Spells                   Type           Power      Damage    Failure   Level
 Sandblast                Erth           0%         2d4       22%         1
 Apportation              Tloc           0%         N/A       22%         1
 Necrotise                Necr           0%         1d4       22%         1
 Sting                    Conj/Alch      0%         1d3       22%         1
 Summon Small Mammal      Summ           0%         N/A       22%         1
 Lesser Beckoning         Tloc           0%         N/A       32%         2
 Gell's Gravitas          Tloc           0%         N/A       54%         3
 Teleport Other           Tloc           0%         N/A       54%         3
 Tukima's Dance           Hex            0%         N/A       54%         3
 Passage of Golubria      Tloc           0%         N/A       91%         4
 Yara's Violent Unravell  Hex/Alch       0%         3d3       99%         5


Dungeon Overview and Level Annotations

Branches:
Dungeon (7/15)             Temple (1/1) D:5

Altars:
Ashenzari
Cheibriados
Dithmenos
Elyvilon
Gozag
Hepliaklqana
Okawaru
Qazlal
Sif Muna
Trog
Uskayaw
Vehumet
Wu Jian
Xom
Yredelemnul
Zin
The Shining One

Shops:
D:5 (

Annotations:
D:6 3 runed translucent doors, exclusion: 3 doors, Grinder; kalagan's ghost, novice DECj


Innate Abilities, Weirdness & Mutations

You are a hulking beast.
Your limbs bulge with bestial killing power. (Slay +4)
You cannot wear most types of armour.
You are amphibious.
You can wear up to eight rings at the same time.
Your skin changes colour to match your surroundings (Stealth+).
Your rubbery body absorbs attacks. (AC +1, EV +1)
((You are camouflaged when in or above water. (Stealth+)))
You have tentacles for arms and can constrict up to eight enemies at once.


Message History

There is a stone staircase leading down here.
A - a murky silvery potion No target in view!
No target in view!
No target in view!
y - a scroll labelled BAESYO ERIUR No target in view!
No target in view!
No target in view!
A hornet comes into view.
You throw a poisoned dart. The poisoned dart hits the hornet.
The hornet buzzes angrily.
You tentacle-slap the hornet but do no damage.
You grab the hornet.
You constrict the hornet, but do no damage.
The hornet stings you!
You feel yourself slow down.
You hear a shout!
You bludgeon the hornet! You squeeze the hornet.
The hornet is heavily wounded.
You feel yourself speed up.
You constrict the hornet, but do no damage.
The hornet stings you!
You feel yourself slow down.
A centaur comes into view.
The hornet closely misses you.
There are monsters nearby!
You tentacle-slap the hornet but do no damage.
You squeeze the hornet.
The hornet is heavily wounded.
You feel yourself speed up.
You constrict the hornet. The hornet stings you!
You are poisoned.
You suddenly lose the ability to move!
You lose your grip on the hornet.
The hornet stings you!
You feel yourself slow down.
You feel yourself speed up.
You feel very sick. The hornet stings you.
* * * LOW HITPOINT WARNING * * *
You are lethally poisoned!
You feel yourself slow down. The hornet stings you!
You die...

....'.......##.########...#####.#
....####....##.# ###.[.....#.#
....# ####..#.## #.........#.#
....# #####.....## #...#.....#.#
....# #..........####...#.....#.#
....# #.###.####....#...#######.
....# #.#...............# #.#
##### #.#.#.########..### #.#
#.........h.##..### #.#
###########y##....# #.# c##.##.##
#.# .(#.##..# #.# ###.###.# #.#
#.###.######.# #.#...........
#.#.####.###.. ..#. #...##.


You could see a hornet and a centaur.

Vanquished Creatures
  2 ice beasts
  6 black bears
  A bullfrog (D:6)
  A wyvern zombie (D:6)
  A scorpion (D:4)
  2 gnoll sergeants (D:5)
  A howler monkey (D:6)
  A centaur zombie (D:6)
  2 hounds
  3 sleepcaps
  2 iguanas (D:6)
  14 gnolls
  6 adders
  2 shadow imps
  4 ufetubi
  2 dart slugs
  3 ribbon worms
  5 orcs
  A bat (D:2)
  7 endoplasms
  4 giant cockroaches
  3 goblins
  6 hobgoblins
  11 jackals
  2 quokkas (D:4)
  6 ball pythons
  2 frilled lizards
  6 kobolds
  2 rats
108 creatures vanquished.

Vanquished Creatures (others)
  An arcanist (D:3)
1 creature vanquished.

Grand Total: 109 creatures vanquished

Notes
Turn   | Place    | Note
-------+----------+-------------------------------------------
     0 | D:1      | Killerpretzel the Octopode Shapeshifter began the quest for
                  | the Orb.
     0 | D:1      | Reached XP level 1. HP: 13/13 MP: 1/1
    84 | D:1      | Reached XP level 2. HP: 12/18 MP: 2/2
   940 | D:2      | Reached XP level 3. HP: 23/23 MP: 3/3
  1257 | D:2      | Reached XP level 4. HP: 14/29 MP: 4/4
  1365 | D:2      | Found a shimmering altar of Xom.
  1800 | D:3      | Found a bloodstained altar of Trog.
  1802 | D:3      | Noticed a wizard
  1807 | D:3      | Killed a wizard
  1873 | D:3      | Reached skill level 4 in Shapeshifting
  1875 | D:3      | Reached XP level 5. HP: 34/34 MP: 5/5
  2034 | D:3      | Noticed a black bear
  2042 | D:3      | Killed a black bear
  2077 | D:3      | Reached XP level 6. HP: 41/41 MP: 6/6
  2097 | D:3      | Found a faded altar of an unknown god.
  2853 | D:4      | Noticed a black bear
  2857 | D:4      | Killed a black bear
  2893 | D:4      | Noticed a black bear
  2901 | D:4      | Killed a black bear
  2902 | D:4      | Reached skill level 5 in Shapeshifting
  2902 | D:4      | Reached XP level 7. HP: 44/46 MP: 7/7
  3176 | D:5      | Entered Level 5 of the Dungeon
  3217 | D:5      | Found Cudwat's Weapon Emporium.
  3506 | D:5      | Found a white marble altar of Elyvilon.
  3578 | D:5      | Found an iron altar of Okawaru.
  3666 | D:5      | Found a shimmering blue altar of Sif Muna.
  3722 | D:5      | Reached XP level 8. HP: 54/54 MP: 8/8
  3822 | D:5      | Found a staircase to the Ecumenical Temple.
  3828 | Temple   | Entered the Ecumenical Temple
  3841 | Temple   | Became a worshipper of Vehumet
  3982 | D:5      | Found a glowing silver altar of Zin.
  4240 | D:5      | Reached skill level 5 in Unarmed Combat
  4240 | D:5      | Reached skill level 6 in Shapeshifting
  4823 | D:6      | Found a runed translucent gate.
  4823 | D:6      | Found a runed translucent gate.
  4823 | D:6      | Found a runed translucent gate.
  4823 | D:6      | Noticed kalagan's ghost (novice DECj)
  4825 | D:6      | Found a basalt altar of Yredelemnul.
  4930 | D:6      | Noticed Grinder
  5208 | D:7      | Reached skill level 5 in Dodging
  5400 | D:7      | Reached skill level 7 in Shapeshifting
  5425 | D:7      | Reached * piety under Vehumet
  5425 | D:7      | Offered knowledge of Sandblast by Vehumet.
  5544 | D:7      | Noticed a hornet
  5548 | D:7      | Paralysed by a hornet for 3 turns
  5549 | D:7      | Slain by a hornet

Illustrated notes

Levels and vault maps discovered:
D:1:      ncdulo_lavacross, layout_basic
D:2:      layout_loops_ring, basic_altar
D:3:      minmay_door_path, layout_basic, trog_wizard,
          hellmonk_ecumenical_altar_arch_garden, minivault_27
D:4:      layout_rooms
D:5:      layout_loops_corners, elyvilon_altar_3, mainiacjoe_overflow_swirl,
          kennysheep_mini_moat, minmay_temple_entry_enclosed_plants,
          serial_shops, shop_statue, nicolae_grassy_gnolls
D:6:      layout_basic, nicolae_yredelemnul_ghost_church,
          minmay_misc_feat_roman, uniq_grinder
D:7:      layout_basic
Temple:   nicolae_temple_ecumenical_triangle

Skill      XL: |  1  2  3  4  5  6  7  8 |
---------------+-------------------------+-----
Fighting       | 2 3 4 |  4.8
Shapeshifting  | 4 5 7 |  7.0
Dodging        | 3 4 5 |  5.2
Unarmed Combat | 4 5 |  5.7

Action                     |  1- 3 |  4- 6 |  7- 9 || total
---------------------------+-------+-------+-------++-------
  Melee: Unarmed           |    64 |    63 |   105 ||   232
         Constrict         |    15 |    20 |    27 ||    62
         Tentacles         |    13 |    20 |    31 ||    64
         Punch             |     4 |     2 |     7 ||    13
  Throw: Stone             |       |     9 |    39 ||    48
         Boomerang         |       |    48 |    16 ||    64
         Dart              |       |       |    14 ||    14
  Evoke: Wand              |       |       |     2 ||     2
    Use: Scroll            |     3 |     4 |     1 ||     8
         Potion            |       |       |     1 ||     1
   Stab: Sleeping          |     7 |     1 |     1 ||     9
 Armour: Skin              |    17 |    26 |    45 ||    88
  Dodge: Dodged            |    37 |    34 |    75 ||   146
